 Dungeon Crawl Stone Soup version 0.31-a0-240-gb923e448b6 (webtiles) character file.

Game seed: 11595374767809964098

194 qw the Shooter (level 5, -5/32 HPs)
             Began as a Gargoyle Hexslinger on July 12, 2023.
             Slain by a hornet (7 damage)
             ... on level 4 of the Dungeon.
             The game lasted 00:01:00 (2249 turns).

qw the Shooter (Gargoyle Hexslinger)                Turns: 2249, Time: 00:01:00

Health: -5/32      AC: 10    Str: 11    XL:     5   Next: 73%
Magic:  6/6        EV: 10    Int: 14    God:
Gold:   1212       SH:  0    Dex: 14    Spells: 5/6 levels left

rFire   . . .        Y - +2 sling (freeze)
rCold   . . .        (no shield)
rNeg    + . .        k - +0 ring mail
rPois   inf          (no helmet)
rElec   +            (no cloak)
rCorr   .            i - +0 pair of gloves
SInv    .            (no boots)
Will    .....        g - amulet of the acrobat
Stlth   +            (no ring)
HPRegen 0.25/turn    (no ring)
MPRegen 0.10/turn

%: acrobat
@: weak-willed
A: sickness immunity, AC +4, negative energy resistance 1, electricity
resistance, torment resistance 1, petrification resistance
a: no special abilities


You were on level 4 of the Dungeon.
You visited 1 branch of the dungeon, and saw 4 of its levels.

You collected 1212 gold pieces.


Innate Abilities, Weirdness & Mutations

You are immune to sickness and miasma.
Your stone body is resilient. (AC +4)
You are immune to poison.
You resist negative energy. (rN+)
You are resistant to electric shocks. (rElec)
You are resistant to unholy torment.
You are immune to petrification.


   Skills:
 + Level 2.8 Fighting
 - Level 5.0 Ranged Weapons
 - Level 1.0 Armour
 - Level 1.5 Dodging
 - Level 1.0 Spellcasting
 - Level 2.6 Hexes


You had 5 spell levels left.
You knew the following spells:

 Your Spells              Type           Power      Damage    Failure   Level
a - Slow                  Hex            32%        N/A       21%         1

Your spell library contained the following spells:

 Spells                   Type           Power      Damage    Failure   Level
 Inner Flame              Hex/Fire       4%         N/A       71%         3
 Portal Projectile        Hex/Tloc       8%         N/A       71%         3
 Cause Fear               Hex            4%         N/A       90%         4

Inventory:

Hand Weapons
 Y - a +2 sling of freezing (weapon)
Armour
 i - a +0 pair of gloves (worn)
 k - a +0 ring mail (worn)
Jewellery
 g - an amulet of the acrobat (around neck)
Scrolls
 d - a scroll of identify
Potions
 b - a potion of brilliance {unknown}
 c - a potion of mutation
 e - a potion of ambrosia {unknown}

Dungeon Overview and Level Annotations

Branches:
Dungeon (4/15)
 Temple: D:4-7

Altars:

Shops:
D:1 (

Annotations:
D:3 exclusion: gnoll


Message History

You climb downwards.
There is a stone staircase leading up here.
Waypoint 3 assigned to D:4.
A hornet comes into view.
Found 8 gold pieces.
The hornet buzzes angrily.
You shoot a sling bullet.
The sling bullet barely misses the hornet.
You shoot a sling bullet. The sling bullet hits the hornet.
The sling bullet freezes the hornet.
The hornet is moderately wounded.
You shoot a sling bullet. The sling bullet hits the hornet.
The sling bullet freezes the hornet.
The hornet is moderately wounded.
The hornet stings you! The hornet stings you.
You shoot a sling bullet.
The sling bullet closely misses the hornet.
The hornet barely misses you. The hornet misses you.
You shoot a sling bullet.
The sling bullet hits the hornet but does no damage.
The hornet is moderately wounded.
The hornet closely misses you.
You shoot a sling bullet.
The sling bullet hits the hornet but does no damage.
The hornet is moderately wounded.
The hornet stings you. The hornet completely misses you.
You shoot a sling bullet. The sling bullet misses the hornet.
The hornet stings you. The hornet stings you!
You shoot a sling bullet.
The sling bullet barely misses the hornet.
The hornet closely misses you.
The hornet stings you but does no damage.
You shoot a sling bullet. The sling bullet hits the hornet.
The sling bullet freezes the hornet.
The hornet is moderately wounded.
The hornet stings you! The hornet stings you.
You shoot a sling bullet.
The sling bullet barely misses the hornet.
The hornet closely misses you. The hornet stings you!
You die...

##. .# #..~$
.#$ #..~. ~¤..
#..¤. .¤¤..
#..~.#####.~...
#..¤...¤...~...
#..~¤~¤¤y~¤..#
#.....@¤....#
#.##..####.##
#..........#
#####.######
#<# #.# #.# #.#
...


You could see a hornet.

Vanquished Creatures
  A howler monkey (D:2)
  3 gnolls (D:3)
  6 adders
  2 worms
  A dart slug (D:3)
  8 endoplasms
  4 giant cockroaches
  6 goblins
  5 hobgoblins
  3 jackals (D:2)
  3 quokkas (D:3)
  4 ball pythons
  4 bats
  8 frilled lizards
  5 kobolds
  4 rats
67 creatures vanquished.

Notes
Turn   | Place    | Note
-------+----------+-------------------------------------------
     0 | D:1      | qw the Gargoyle Hexslinger began the quest for the Orb.
     0 | D:1      | Reached XP level 1. HP: 12/12 MP: 2/2
     0 | D:1      | 0 ||| qw: Version: 0.3-a-52-g30416fa
     0 | D:1      | 0 ||| qw: Game counter: 6144
     0 | D:1      | 0 ||| qw: Melee chars always use a shield: true
     0 | D:1      | 0 ||| qw: God list: Okawaru
     0 | D:1      | 0 ||| qw: Allow faded altars: false
     0 | D:1      | 0 ||| qw: Do Orc after clearing Dungeon:15 true
     0 | D:1      | 0 ||| qw: Do second Lair branch before Depths: true
     0 | D:1      | 0 ||| qw: Lair rune preference: random
     0 | D:1      | 0 ||| qw: Goals: Normal
     0 | D:1      | 0 ||| PLANNING D:1-11
   107 | D:1      | Reached XP level 2. HP: 16/16 MP: 3/3
   149 | D:1      | Reached skill level 3 in Ranged Weapons
   249 | D:1      | Reached XP level 3. HP: 21/21 MP: 4/4
   324 | D:1      | Found Lerough's Weapon Shoppe.
   843 | D:1      | 843 ||| UPGRADING to +0 leather armour.
   853 | D:1      | 853 ||| DROPPING +0 robe.
   854 | D:1      | 854 ||| UPGRADING to +0 pair of gloves.
   859 | D:1      | 859 ||| UPGRADING to +0 ring mail.
   869 | D:1      | 869 ||| DROPPING +0 leather armour.
   870 | D:1      | 870 ||| UPGRADING to amulet of the acrobat.
   875 | D:1      | 875 ||| READING 2 scrolls labelled RUXTEHA OKUDA.
   876 | D:1      | 876 ||| READING scroll labelled POETEU LAYZOEX.
   881 | D:1      | 881 ||| READING scroll labelled ZIDYKA QANIFUKK.
   881 | D:1      | Identified a scroll of acquirement
   881 | D:1      | 881 ||| ACQUIRING 1017 gold pieces
   881 | D:1      | Acquired 1017 gold pieces
   883 | D:1      | 883 ||| READING scroll labelled SIUFFA VAYMASU.
   900 | D:1      | 900 ||| READING scroll labelled PATUHEU JEMMEAF.
   901 | D:1      | 901 ||| READING scroll labelled BITRIA KILAHUB.
   902 | D:1      | 902 ||| DROPPING scroll of revelation.
   903 | D:1      | 903 ||| DROPPING scroll of poison.
   983 | D:2      | Reached skill level 1 in Armour
  1007 | D:2      | Reached skill level 4 in Ranged Weapons
  1007 | D:2      | Reached XP level 4. HP: 26/26 MP: 5/5
  1027 | D:2      | Found a faded altar of an unknown god.
  1327 | D:2      | Reached XP level 5. HP: 30/30 MP: 6/6
  1438 | D:2      | 1438 ||| READING scroll labelled KEUCWEBLAA.
  1439 | D:2      | 1439 ||| READING scroll labelled DUTHUHIRASH.
  1440 | D:2      | 1440 ||| DRINKING 3 ruby potions.
  1465 | D:2      | 1465 ||| READING 3 scrolls of identify.
  1465 | D:2      | 1465 ||| IDENTIFYING glowing puce potion
  1466 | D:2      | 1466 ||| DROPPING 2 potions of lignification.
  1493 | D:3      | 1493 ||| STAIRDANCE
  1520 | D:3      | 1520 ||| STAIRDANCE
  1573 | D:3      | 1573 ||| STAIRDANCE
  1712 | D:3      | Reached skill level 5 in Ranged Weapons
  2213 | D:3      | 2213 ||| READING scroll labelled SOM TAESORGH.
  2214 | D:3      | 2214 ||| READING 2 scrolls of identify.
  2214 | D:3      | 2214 ||| IDENTIFYING bubbling grey potion
  2215 | D:3      | 2215 ||| DROPPING potion of invisibility.
  2239 | D:4      | Noticed a hornet
  2248 | D:4      | HP: 3/32 [hornet (8)]
  2248 | D:4      | HP: 1/32 [hornet (2)]
  2249 | D:4      | Slain by a hornet

Levels and vault maps discovered:
D:1:      dpeg_arrival_brainrot, layout_basic, serial_shops, shop_statue,
          chequers_arboretum, minmay_lizard_pond
D:2:      layout_rooms, hellmonk_ecumenical_altar_blasted
D:3:      layout_basic
D:4:      kennysheep_six_static_rooms, layout_loops_ring,
          mainiacjoe_overflow_brackets, temple_statues, serial_glass,
          glass_columns_a, glass_columns_b, minmay_strange_pillars,
          due_unseen_surprise, feat_on_display, item_on_display_a

Skill      XL: |  1  2  3  4  5 |
---------------+----------------+-----
Ranged Weapons | 3 4 5 |  5.0
Fighting       | 2 |  2.8
Armour         | 1 |  1.0
Dodging        | |  1.5
Spellcasting   | |  1.0
Hexes          | |  2.6

Action                     |  1- 3 |  4- 6 || total
---------------------------+-------+-------++-------
   Fire: Sling             |   105 |   122 ||   227
    Use: Scroll            |     6 |     5 ||    11
         Potion            |       |     1 ||     1
 Armour: Robe              |     6 |       ||     6
         Ring mail         |     7 |    30 ||    37
  Dodge: Dodged            |    28 |    40 ||    68

Table legend:
 A = Non-vault XP
 B = Vault XP
 C = Vault XP percentage of total XP
 D = Non-vault monster count
 E = Vault monster count
 F = Vault count percentage of total count
                 A         B        C        D         E       F
            +---------+---------+-------+---------+---------+-------
      Total |     267 |      11 |   4.0 |      60 |       7 |  10.4
            +---------+---------+-------+---------+---------+-------
        D:1 |      35 |      11 |  23.9 |      21 |       7 |  25.0
        D:2 |     133 |       0 |   0.0 |      19 |       0 |   0.0
        D:3 |      99 |       0 |   0.0 |      20 |       0 |   0.0
            +---------+---------+-------+---------+---------+-------
